 Dungeon Crawl Stone Soup version 0.23-a0-164-g7711e572f3 (webtiles) character file.

1341 PikkenKukken the Cutter (level 8, -7/63 HPs)
             Began as a Demonspawn Fighter on Sept 10, 2018.
             Was a Believer of Uskayaw.
             Mangled by a rust devil (8 damage)
             ... summoned by a deep elf mage
             ... on level 7 of the Dungeon.
             The game lasted 00:09:32 (5874 turns).

PikkenKukken the Cutter (Demonspawn Fighter)        Turns: 5874, Time: 00:09:34

Health: -7/63      AC:  5    Str: 19    XL:     8   Next: 35%
Magic:  0/8        EV:  7    Int:  9    God:    Uskayaw [**....]
Gold:   435        SH:  0    Dex: 13    Spells: 7/7 levels left

rFire    . . .     SeeInvis .   r - +3 dagger (elec)
rCold    . . .     Gourm    +   c - +1 shield
rNeg     . . .     Faith    .   b - +0 scale mail
rPois    .         Spirit   +   (helmet restricted)
rElec    .         Reflect  .   (no cloak)
rCorr    +         Harm     .   k - +0 pair of gloves
MR       .....                  (no boots)
Stlth    ..........             t - amulet of the gourmand
HPRegen  0.20/turn              g - ring of resist corrosion
MPRegen  0.11/turn              (no ring)

@: confused, lethally poisoned (-7 -> -47), corroded
A: horns 1, rugged brown scales 1, demonic guardian 1, magic shield
a: Stomp, Line Pass, Renounce Religion


You were on level 7 of the Dungeon.
You worshipped Uskayaw.
Uskayaw was noncommittal.
You were full.

You visited 2 branches of the dungeon, and saw 8 of its levels.

You collected 435 gold pieces.

Inventory:

Hand Weapons
 a - a +0 rapier
 r - a +3 dagger of electrocution (weapon)
Armour
 b - a +0 scale mail (worn)
 c - a +1 shield (worn)
 k - a +0 pair of gloves (worn)
Jewellery
 g - a ring of resist corrosion (left hand)
 t - an amulet of the gourmand (around neck)
Wands
 h - a wand of scattershot (3)
 l - a wand of iceblast (5)
Scrolls
 d - 3 scrolls of enchant armour
 e - 4 scrolls of enchant weapon
 i - a scroll of identify
 n - a scroll of blinking
 p - a scroll of fear
 q - a scroll of remove curse
 u - 3 scrolls of amnesia
Potions
 j - 2 potions of lignification {unknown}
 m - a potion of brilliance {unknown}
 o - 4 potions of curing
 s - a potion of agility {unknown}
 v - a potion of cancellation {unknown}
 w - a potion of might
Comestibles
 f - 10 rations


   Skills:
 + Level 5.3 Fighting
 * Level 6.2 Short Blades
 + Level 4.9 Armour
 + Level 4.9 Shields


You had 7 spell levels left.
You didn't know any spells.
Your spell library contained the following spells:

 Spells                   Type           Power        Failure   Level  Hunger
 Confusing Touch          Hex            #.....       99%         1    ##.....
 Confuse                  Hex            #.......     100%        3    ####...
 Gell's Gravitas          Tloc           #.........   100%        3    ####...
 Petrify                  Tmut/Erth      #.......     100%        4    #####..
 Metabolic Englaciation   Hex/Ice        #.........   100%        5    ######.
 Yara's Violent Unravell  Hex/Tmut       #.........   100%        5    ######.


Dungeon Overview and Level Annotations

Branches:
Dungeon (7/15)             Temple (1/1) D:5

Altars:
Cheibriados
Dithmenos
Gozag
Makhleb
Nemelex Xobeh
Ru
Sif Muna
Uskayaw
Wu Jian
Yredelemnul
Zin
The Shining One


Innate Abilities, Weirdness & Mutations

You have a pair of small horns on your head.
You are partially covered in rugged brown scales. (AC +1, +3% HP)
A weak demonic guardian rushes to your aid.
When hurt, damage is shared between your health and your magic reserves.


Message History

The redback bites you but does no damage.
The deep elf mage hits you with a short sword.
The tarantella bites you! The rust devil hits you. The rust devil corrodes you!
You hit the deep elf mage.
The deep elf mage is heavily wounded.
The redback bites you!
You are lethally poisoned!
The redback poisons you! The tarantella bites you!
* * * LOW HITPOINT WARNING * * *
You are confused.
The deep elf mage hits you with a short sword.
* * * LOW HITPOINT WARNING * * *
You hit the tarantella but do no damage.
Your headbutt misses the tarantella.
* * * LOW HITPOINT WARNING * * *
You feel very sick. The redback bites you!
* * * LOW HITPOINT WARNING * * *
The rust devil hits you!
You die...

########
+..P'..#
+..e4s.#
+..s@..#
#+++#..#
#...#..#..# #.
#...#..#..# #.
#...#..#..#
#..#...#..#..#
#..#...#..#..#
..#..8...8..#..#
...............#


You could see a rust devil, a deep elf mage, a tarantella and a redback.

Vanquished Creatures
  Duvessa (D:4)
  An orc warrior (D:4)
  A phantom (D:4)
  A bullfrog (D:7)
  A scorpion (D:4)
  Dowan (D:4)
  4 wights (D:6)
  2 crimson imps
  2 hounds (D:4)
  2 orc wizards (D:4)
  2 bullfrog skeletons
  A gnoll shaman (D:4)
  A worker ant (D:4)
  A hound zombie (D:5)
  A hound skeleton (D:4)
  9 adders
  11 gnolls
  2 shadow imps
  An adder zombie (D:5)
  An ooze (D:4)
  An adder skeleton (D:7)
  2 worms (D:2)
  3 dart slugs
  5 leopard geckos
  10 orcs
  4 giant cockroaches (D:5)
  5 goblins
  2 hobgoblins (D:1)
  11 jackals
  10 kobolds
  5 quokkas
  2 ball pythons
  7 bats
  7 frilled lizards
  6 rats
126 creatures vanquished.

Vanquished Creatures (collateral kills)
  An ogre (D:6)
  2 gnolls (D:4)
  An orc (D:4)
4 creatures vanquished.

Grand Total: 130 creatures vanquished

Notes
Turn   | Place    | Note
-------+----------+-------------------------------------------
     0 | D:1      | PikkenKukken the Demonspawn Fighter began the quest for the
                  | Orb.
     0 | D:1      | Reached XP level 1. HP: 18/18 MP: 1/1
    52 | D:1      | Reached skill level 2 in Short Blades
   125 | D:1      | Gained mutation: You have a pair of small horns on your
                  | head. [demonic ancestry]
   125 | D:1      | Reached XP level 2. HP: 24/24 MP: 2/2
   710 | D:2      | Reached XP level 3. HP: 20/29 MP: 3/3
  1417 | D:2      | Found a sacrificial altar of Ru.
  1429 | D:2      | Gained mutation: You are partially covered in rugged brown
                  | scales. (AC +1, +3% HP) [demonic ancestry]
  1429 | D:2      | Reached XP level 4. HP: 29/36 MP: 4/4
  1640 | D:3      | Reached skill level 3 in Short Blades
  1954 | D:3      | Reached XP level 5. HP: 41/42 MP: 5/5
  2393 | D:4      | Noticed a phantom
  2408 | D:4      | Killed a phantom
  2408 | D:4      | Reached skill level 4 in Short Blades
  2408 | D:4      | Gained mutation: A weak demonic guardian rushes to your
                  | aid. [demonic ancestry]
  2408 | D:4      | Reached XP level 6. HP: 49/49 MP: 6/6
  2455 | D:4      | Noticed Duvessa
  2455 | D:4      | Noticed Dowan
  2469 | D:4      | Killed Duvessa
  2473 | D:4      | Killed Dowan
  2499 | D:4      | Gained mutation: When hurt, damage is shared between your
                  | health and your magic reserves. [demonic ancestry]
  2499 | D:4      | Reached XP level 7. HP: 42/56 MP: 7/7
  3381 | D:5      | Entered Level 5 of the Dungeon
  3433 | D:5      | Reached skill level 5 in Short Blades
  4097 | D:5      | Reached skill level 5 in Fighting
  4468 | D:5      | Found a staircase to the Ecumenical Temple.
  4474 | Temple   | Entered the Ecumenical Temple
  4504 | Temple   | Became a worshipper of Uskayaw the Reveler
  4612 | D:6      | Reached * piety under Uskayaw
  4614 | D:6      | Reached XP level 8. HP: 63/63 MP: 8/8
  4615 | D:6      | Reached ** piety under Uskayaw
  4622 | D:6      | Reached *** piety under Uskayaw
  4808 | D:6      | Reached skill level 6 in Short Blades
  5860 | D:7      | Noticed a deep elf mage
  5864 | D:7      | Noticed a rust devil
  5874 | D:7      | HP: 1/63 [redback[a deep elf mage] (12)]
  5874 | D:7      | Mangled by a rust devil

Vault maps used:
D:1:      eino_arrival_druids_welcome, skrybe_limestone_x
D:2:      lemuel_doored_altar
D:3:      due_unseen_surprise
D:4:      first_ration, uniq_duvessa
D:5:      minmay_temple_entry_fiery, gup_sewer_entry_glass
D:6:      minmay_holes, corexii_shack
D:7:      guppyfry_early_elven_hall
Temple:   regret_index_temple_mists

Skill      XL: |  1  2  3  4  5  6  7  8 |
---------------+-------------------------+-----
Short Blades   | 2 3 4 5 6 |  6.2
Armour         | 3 4 |  4.9
Shields        | 3 4 |  4.9
Fighting       | 4 5 |  5.3

Action                   |  1- 3 |  4- 6 |  7- 9 || total
-------------------------+-------+-------+-------++-------
Melee: Rapier            |    82 |   100 |       ||   182
       Headbutt          |     7 |    30 |    33 ||    70
       Dagger            |       |    62 |   171 ||   233
  Use: Scroll            |       |     7 |     4 ||    11
       Potion            |       |     1 |     1 ||     2
  Eat: Chunk             |     2 |     3 |    17 ||    22
Armor: Scale mail        |    26 |    59 |    69 ||   154
Dodge: Dodged            |    13 |    39 |    47 ||    99
Block: Shield            |    28 |    91 |    66 ||   185

Table legend:
 A = Non-vault XP
 B = Vault XP
 C = Vault XP percentage of total XP
 D = Non-vault monster count
 E = Vault monster count
 F = Vault count percentage of total count
                 A         B        C        D         E       F
            +---------+---------+-------+---------+---------+-------
      Total |    1673 |     244 |  12.7 |     122 |       8 |   6.2
            +---------+---------+-------+---------+---------+-------
        D:1 |      35 |       0 |   0.0 |      20 |       0 |   0.0
        D:2 |      81 |       0 |   0.0 |      18 |       0 |   0.0
        D:3 |     154 |       0 |   0.0 |      34 |       0 |   0.0
        D:4 |     794 |     220 |  21.7 |      36 |       2 |   5.3
        D:5 |     118 |      21 |  15.1 |       5 |       5 |  50.0
        D:6 |     349 |       3 |   0.9 |       6 |       1 |  14.3
        D:7 |     142 |       0 |   0.0 |       3 |       0 |   0.0
            +---------+---------+-------+---------+---------+-------
